 Dungeon Crawl Stone Soup version 0.22.1-1-ga44c0e5 (webtiles) character file.

248 lysyklops the Shield-Bearer (level 5, -7/48 HPs)
             Began as a Minotaur Fighter on Oct 5, 2018.
             Killed by divine providence
             ... invoked by an orc priest
              (10 damage)
             ... on level 3 of the Dungeon.
             The game lasted 00:04:16 (1942 turns).

lysyklops the Shield-Bearer (Minotaur Fighter)      Turns: 1942, Time: 00:04:17

Health: -7/48      AC:  8    Str: 22    XL:     5   Next: 86%
Magic:  4/4        EV:  7    Int:  5    God:
Gold:   166        SH: 10    Dex:  9    Spells: 4/4 levels left

rFire    . . .     SeeInvis .   a - +0 war axe
rCold    . . .     Gourm    .   c - +0 shield
rNeg     . . .     Faith    .   b - +0 scale mail
rPois    .         Spirit   .   (helmet restricted)
rElec    .         Reflect  .   (no cloak)
rCorr    .         Harm     .   (no gloves)
MR       .....                  j - +0 pair of boots
Stlth    ..........             (no amulet)
HPRegen  0.16/turn              (no ring)
MPRegen  0.09/turn              (no ring)

@: no status effects
A: retaliatory headbutt, horns 2
a: no special abilities


You were on level 3 of the Dungeon.
You were hungry.

You visited 1 branch of the dungeon, and saw 3 of its levels.

You collected 166 gold pieces.

Inventory:

Hand Weapons
 a - a +0 war axe (weapon)
Armour
 b - a +0 scale mail (worn)
 c - a +0 shield (worn)
 j - a +0 pair of boots (worn)
Wands
 r - a wand of disintegration (17)
Scrolls
 e - 7 scrolls of identify {unknown}
 i - a scroll of random uselessness {unknown}
 m - a scroll of remove curse {unknown}
 n - a scroll of fear {unknown}
Potions
 d - a potion of might
 g - 2 potions of haste {unknown}
 h - 2 potions of agility {unknown}
 k - 2 potions of degeneration {unknown}
 l - a potion of curing {unknown}
 o - a potion of brilliance {unknown}
 p - a potion of heal wounds {unknown}
 q - a potion of lignification {unknown}
Comestibles
 f - 3 rations


   Skills:
 + Level 5.0 Fighting
 + Level 4.1 Axes
 + Level 5.1 Armour
 + Level 5.1 Shields


You had 4 spell levels left.
You didn't know any spells.
Your spell library was empty.

Dungeon Overview and Level Annotations

Branches:
Dungeon (3/15)

Altars:
Cheibriados
Wu Jian
Xom


Innate Abilities, Weirdness & Mutations

You reflexively headbutt those who attack you in melee.
You have a pair of horns on your head.


Message History

The orc hits you with a hand axe.
You hit the orc.
You kill the orc!
The orc priest calls down the wrath of Beogh upon you.
Pain shoots through your body!
* * * LOW HITPOINT WARNING * * *
You completely miss the orc.
The orc priest looks encouraged for a moment.
You block the orc's attack.
You barely miss the orc. You block the orc's attack.
The orc priest invokes the aid of Beogh against you.
Beogh smites you!
* * * LOW HITPOINT WARNING * * *
You slash the orc!
You kill the orc!
You hit the orc priest but do no damage.
You headbutt the orc priest, but do no damage.
The orc priest invokes the aid of Beogh against you.
Beogh smites you!
You die...

..........#######
######.### #....
## #.# #... #. #.
###.########...
#.##.#
#.........##..
#.....
#.........##oo
#.....
#.........##o#
#.....
#.........##)#
#.....
#........@##.#
#.##..
###.>.....o).#
#....)
#.########.#
####.# #. #.# #.
#. #'# #. ... #.
... #. .... #.#
... #..


You could see an orc priest.

Vanquished Creatures
  2 orc priests
  Robin (D:2)
  3 gnolls (D:2)
  4 adders
  2 oozes (D:2)
  2 worms (D:2)
  2 dart slugs
  A leopard gecko (D:2)
  7 orcs
  4 bats
  4 giant cockroaches (D:1)
  15 goblins
  9 hobgoblins
  4 jackals
  7 kobolds
  2 quokkas
  A ball python (D:2)
  7 frilled lizards
  6 rats
83 creatures vanquished.

Notes
Turn   | Place    | Note
-------+----------+-------------------------------------------
     0 | D:1      | lysyklops the Minotaur Fighter began the quest for the Orb.
     0 | D:1      | Reached XP level 1. HP: 19/19 MP: 0/0
   121 | D:1      | Reached XP level 2. HP: 26/27 MP: 1/1
   404 | D:1      | Reached XP level 3. HP: 33/33 MP: 2/2
   657 | D:2      | Reached XP level 4. HP: 31/41 MP: 3/3
   723 | D:2      | Found a snail-covered altar of Cheibriados.
   894 | D:2      | Noticed Robin
   927 | D:2      | Killed Robin
   945 | D:2      | Found a shimmering altar of Xom.
  1098 | D:2      | Found an ornate altar of the Wu Jian Council.
  1231 | D:3      | Reached XP level 5. HP: 47/47 MP: 4/4
  1527 | D:3      | Reached skill level 5 in Armour
  1527 | D:3      | Reached skill level 5 in Shields
  1779 | D:3      | Reached skill level 5 in Fighting
  1942 | D:3      | Killed from afar by an orc priest

Skill      XL: |  1  2  3  4  5 |
---------------+----------------+-----
Shields        | 4 5 |  5.1
Armour         | 4 5 |  5.1
Fighting       | 4 5 |  5.0
Axes           | 3 4 |  4.1

Action                   |  1- 3 |  4- 6 || total
-------------------------+-------+-------++-------
Melee: War axe           |    71 |   117 ||   188
       Headbutt          |     8 |    21 ||    29
  Eat: Chunk             |       |     3 ||     3
Armor: Scale mail        |    42 |    48 ||    90
Dodge: Dodged            |    19 |    48 ||    67
Block: Shield            |    34 |    53 ||    87
